 Dungeon Crawl Stone Soup version 0.28.0-53-g5a82cb258f (webtiles) character file.

Game seed: 863254891856297923

53 LynnLen the Sneak (level 3, 0/24 HPs)
             Began as a Vampire Enchanter on Aug 1, 2022.
             Succumbed to an adder's poison
             ... on level 2 of the Dungeon.
             The game lasted 00:06:03 (1936 turns).

LynnLen the Sneak (Vampire Enchanter)               Turns: 1936, Time: 00:06:03

Health: 0/24       AC:  4    Str:  7    XL:     3   Next: 64%
Magic:  4/6        EV: 13    Int: 17    God:
Gold:   49         SH:  0    Dex: 16    Spells: 0/6 levels left

rFire   . . .      SeeInvis +   a - +1 dagger
rCold   . . .      Faith    .   (no shield)
rNeg    . . .      Spirit   .   i - +2 robe {Will+}
rPois   .          Reflect  .   (no helmet)
rElec   .          Harm     .   (no cloak)
rCorr   .          Rampage  .   (no gloves)
Will    +....                   (no boots)
Stlth   +++.......              (no amulet)
HPRegen 0.28/turn               (no ring)
MPRegen 0.10/turn               (no ring)

@: brilliant, lethally poisoned (0 -> -12), healing quickly
A: alive, fangs 3, see invisible, vampiric 2
a: Exsanguinate


You were on level 2 of the Dungeon.
You visited 1 branch of the dungeon, and saw 2 of its levels.

You collected 49 gold pieces.

Inventory:

Hand Weapons
 a - a +1 dagger (weapon)
 d - a +0 hunting sling
Missiles
 b - 64 stones (quivered)
 f - 10 sling bullets
Armour
 e - a +0 leather armour
 i - a +2 robe of willpower (worn)
Scrolls
 j - 3 scrolls of magic mapping {unknown}
 l - a scroll of fear {unknown}
Potions
 c - a potion of invisibility
 g - a potion of haste {unknown}
 h - a potion of brilliance
 k - a potion of curing {unknown}
 m - a potion of ambrosia {unknown}


   Skills:
 * Level 2.6 Short Blades
 * Level 3.0 Dodging
 + Level 5.3 Stealth
 - Level 2.0 Spellcasting
 - Level 4.4 Hexes


You couldn't memorise any spells.
You knew the following spells:

 Your Spells              Type           Power      Damage    Failure   Level
a - Confusing Touch       Hex            25%        N/A       10%         3
b - Tukima's Dance        Hex            25%        N/A       10%         3

Your spell library contained the following spells:

 Spells                   Type           Power      Damage    Failure   Level
 Ensorcelled Hibernation  Hex/Ice        26%        N/A       12%         2
 Dazzling Flash           Conj/Hex       26%        N/A       24%         3


Dungeon Overview and Level Annotations

Branches:
Dungeon (2/15)

Altars:


Innate Abilities, Weirdness & Mutations

Your natural rate of healing is accelerated.
You have razor-sharp teeth.
You have supernaturally acute eyesight. (SInv)
You are afflicted with vampirism and can become a bat while bloodless.


Message History

Confirm with . or Enter, or press ? or * to list all spells.
The spell is quite dangerous to miscast (10% risk of failure)!
Continue anyway?
Your hands begin to glow red.
You hit the adder but do no damage. The adder barely misses you.
You barely miss the adder. The adder bites you.
You are poisoned.
The adder poisons you!
You hit the adder but do no damage.
You feel sick. The adder barely misses you.
You closely miss the adder.
You feel sick. The adder bites you but does no damage.
You hit the adder but do no damage. Your bite misses the adder.
You feel sick. The adder bites you.
You are more poisoned.
The adder poisons you!
You hit the adder but do no damage. You bite the adder.
The adder is moderately wounded.
You feel sick. The adder bites you.
You are more poisoned.
The adder poisons you! The adder bites you.
You are more poisoned.
The adder poisons you!
You hit the adder but do no damage.
The adder appears confused.
You bite the adder.
The adder is heavily wounded.
You feel very sick. The adder bites you.
You are more poisoned.
The adder poisons you!
The adder bites itself.
You strike the helpless adder from behind!
You puncture the adder!
You kill the adder!
* * * LOW HITPOINT WARNING * * *
You feel very sick.
Your Dodging skill increases to level 3!
* * * LOW HITPOINT WARNING * * *
You feel very sick.
Unknown command.
It was a potion of brilliance.
You feel clever all of a sudden.
You die...

# ##### ... #...######...##
########### #.#.@..........
#.........###...###........
#.#####....###..# #........
#.# ##....##....# ####...##
#.###....##.....# ........
#.......##......# ......#
#.#....##....#### ####.#
#.....##....## #.#
#...###....## #.#


There were no monsters in sight!

Vanquished Creatures
  3 adders (D:2)
  A dart slug (D:1)
  2 bats
  An endoplasm (D:1)
  3 goblins
  A hobgoblin (D:1)
  2 jackals (D:1)
  2 quokkas (D:1)
  2 ball pythons (D:1)
  2 frilled lizards (D:1)
  2 kobolds (D:1)
  3 rats
24 creatures vanquished.

Notes
Turn   | Place    | Note
-------+----------+-------------------------------------------
     0 | D:1      | LynnLen the Vampire Enchanter began the quest for the Orb.
     0 | D:1      | Reached XP level 1. HP: 13/13 MP: 3/3
   328 | D:1      | Reached XP level 2. HP: 17/19 MP: 5/5
   622 | D:1      | Reached skill level 5 in Stealth
  1358 | D:2      | Gained mutation: You are afflicted with vampirism and can
                  | become a bat while bloodless. [Vampire growth]
  1358 | D:2      | Reached XP level 3. HP: 17/24 MP: 6/6
  1408 | D:1      | Learned a level 3 spell: Confusing Touch
  1412 | D:1      | Learned a level 3 spell: Tukima's Dance
  1936 | D:2      | Succumbed to an adder's poison

Illustrated notes

Levels and vault maps discovered:
D:1:      roderic_dead_forest, layout_loops_corners, minmay_fountain_box,
          minmay_tromino_i2
D:2:      layout_loops_ring, minmay_statues_item, fountainhead,
          hangedman_decor_diamond_cutter, minmay_misc_feat_nine_boxes,
          nrook_mini_backslash, kennysheep_generic_room_12

Skill      XL: |  1  2  3 |
---------------+----------+-----
Stealth        | 5 |  5.3
Short Blades   | 2 |  2.6
Dodging        | 3 |  3.0
Spellcasting   | |  2.0
Hexes          | |  4.4

Action                   || total
-------------------------++-------
Melee: Dagger            ||   112
       Bite              ||    11
       Punch             ||     2
 Fire: Hunting sling     ||     4
 Cast: Confusing Touch   ||     3
  Use: Scroll            ||     2
       Potion            ||     2
 Stab: Sleeping          ||     4
       Confused          ||     2
Armor: Robe              ||     7
       Leather armour    ||    14
Dodge: Dodged            ||    61
